 Dungeon Crawl Stone Soup version 0.17-a0-2055-gb4e23be (webtiles) character file.

947 George the Carver (level 7, -7/45 HPs)
             Began as a Demonspawn Gladiator on Oct 11, 2015.
             Killed by divine providence
             ... invoked by an orc priest
              (10 damage)
             ... on level 6 of the Dungeon.
             The game lasted 00:11:16 (5499 turns).

George the Carver (Demonspawn Gladiator)            Turns: 5499, Time: 00:11:16

Health: -7/45      AC:  9    Str: 17    XL:     7   Next: 89%
Magic:  0/7        EV:  9    Int: 15    God:
Gold:   364        SH:  0    Dex: 13    Spells: 0 memorised, 6 levels left

rFire  . . .     SeeInvis .     A - +0 scimitar (flame)
rCold  . . .     Clarity  .     x - +0 chain mail
rNeg   . . .     SustAt   .     (no shield)
rPois  +         Gourm    .     (helmet restricted)
rElec  .         Spirit   +     C - +0 cloak
rCorr  .         Warding  .     (no gloves)
rMut   .         Stasis   .     (no boots)
MR     .....                    (no amulet)
Stlth  ..........               F - ring of poison resistance
                                k - +5 ring of intelligence

@: not resistant to hostile enchantments, extremely unstealthy
A: antennae 1, repulsion field 1, frail 1, magic shield
a: no special abilities


You were on level 6 of the Dungeon.
You were not hungry.

You visited 1 branch of the dungeon, and saw 6 of its levels.

You collected 364 gold pieces.

Inventory:

Hand Weapons
 A - a +0 scimitar of flaming (weapon)
Missiles
 d - 2 throwing nets (quivered)
Armour
 x - a +0 chain mail (worn)
 C - a +0 cloak (worn)
Jewellery
 k - a +5 ring of intelligence (left hand)
 F - a ring of poison resistance (right hand)
Scrolls
 i - 8 scrolls of teleportation
 r - a scroll of recharging
 w - a scroll of enchant armour
 y - 3 scrolls of identify
 E - a scroll of fear
 G - a scroll of remove curse
Potions
 t - a potion of haste
 v - a potion of curing
 B - 2 potions of cancellation
 H - a potion of might
 I - a potion of ambrosia
Comestibles
 e - 4 bread rations
 h - 4 meat rations
 J - a chunk of flesh


   Skills:
 - Level 2.0 Fighting
 + Level 8.8 Long Blades
 - Level 1.7 Throwing
 - Level 2.6 Dodging


You had 6 spell levels left.
You didn't know any spells.

Dungeon Overview and Level Annotations

Branches:
Dungeon (6/15)
 Temple: D:4-7

Altars:
Xom

Shops:
D:5 [((


Innate Abilities, Weirdness & Mutations

You have a pair of small antennae on your head.
You are surrounded by a mild repulsion field (EV +2).
When hurt, damage is shared between your health and your magic reserves.
You are frail (-10% HP).


Message History

You kill the orc priest!
The orc warrior barely misses you.
You see here a leather armour.
You closely miss the orc warrior. The orc warrior barely misses you.
The orc priest looks braver for a moment.
You hit the orc warrior. You burn the orc warrior.
The orc warrior is moderately wounded.
The orc warrior closely misses you.
You hit the orc warrior. You burn the orc warrior.
The orc warrior is severely wounded.
The orc warrior hits you with a trident.
The orc priest mumbles some strange prayers to Beogh against you.
Something smites you!
You hit the orc warrior but do no damage.
The orc warrior is severely wounded.
The orc warrior hits you with a trident!
* * * LOW HITPOINT WARNING * * *
The orc priest calls down the wrath of Beogh upon you.
Something smites you!
You die...

#.# #. ####.#### #.
#.......# ## #.......#
## #.......### ##.
#.........# ##..
#.......#.###...
..##o####.......#.##....
....ooo@...........'....
...#.########...#.##....
##.##.###... ####.# ##..
#....#####. #.........#
#..######.# #..# #.#
#..######.#


You could see an orc warrior, an orc priest and 2 orcs.

Vanquished Creatures
  A sky beast (D:5)
  A phantom (D:5)
  An ogre (D:3)
  A centaur (D:5)
  A giant frog (D:6)
  A scorpion (D:4)
  3 hounds
  An orc priest (D:6)
  Crazy Yiuf (D:4)
  4 worker ants
  A killer bee zombie (D:5)
  A hound zombie (D:5)
  2 hound skeletons (D:4)
  6 adders
  4 worms
  An adder skeleton (D:6)
  2 giant geckos
  8 orcs
  10 bats
  5 giant cockroaches
  12 goblins
  5 hobgoblins
  13 kobolds
  2 quokkas
  3 ball pythons
  A giant gecko skeleton (D:5)
  8 giant newts
  4 jackals
  6 rats (D:2)
  A fungus (D:5)
110 creatures vanquished.

Notes
Turn   | Place    | Note
--------------------------------------------------------------
     0 | D:1      | George the Demonspawn Gladiator began the quest for the Orb.
     0 | D:1      | Reached XP level 1. HP: 16/16 MP: 1/1
    39 | D:1      | Reached skill level 3 in Long Blades
   168 | D:1      | Gained mutation: You are surrounded by a mild repulsion field (EV +2). [demonic ancestry]
   168 | D:1      | Reached XP level 2. HP: 22/22 MP: 2/2
   558 | D:2      | Reached XP level 3. HP: 13/27 MP: 3/3
   620 | D:2      | Reached skill level 4 in Long Blades
   885 | D:2      | HP: 1/27 [poisoned by an adder]
  1038 | D:2      | Reached XP level 4. HP: 31/33 MP: 4/4
  1809 | D:3      | Noticed an ogre
  2384 | D:3      | Reached skill level 5 in Long Blades
  2390 | D:3      | Reached XP level 5. HP: 27/38 MP: 5/5
  2738 | D:3      | Killed an ogre
  2738 | D:3      | Reached skill level 6 in Long Blades
  3060 | D:4      | Gained mutation: When hurt, damage is shared between your health and your magic reserves. [demonic ancestry]
  3060 | D:4      | Reached XP level 6. HP: 41/44 MP: 6/6
  3062 | D:4      | Found a shimmering altar of Xom.
  3572 | D:4      | Noticed Crazy Yiuf
  3580 | D:4      | Killed Crazy Yiuf
  3676 | D:5      | Entered Level 5 of the Dungeon
  3752 | D:5      | Found Eguomowk's Weapon Emporium.
  3778 | D:5      | Found Kadytwis's Antique Weapon Emporium.
  3825 | D:5      | Reached skill level 7 in Long Blades
  4174 | D:5      | Gained mutation: You have a pair of small antennae on your head. [demonic ancestry]
  4174 | D:5      | Reached XP level 7. HP: 37/50 MP: 5/7
  4392 | D:5      | Found Mynoshruet's Armour Shoppe.
  4486 | D:5      | Gained mutation: You occasionally shout uncontrollably at your foes. [mutagenic meat]
  4487 | D:5      | Gained mutation: You are frail (-10% HP). [mutagenic meat]
  4488 | D:5      | Gained mutation: You are very frail (-20% HP). [mutagenic meat]
  4489 | D:5      | Gained mutation: You are clumsy. (Dex -2) [mutagenic meat]
  4490 | D:5      | Lost mutation: You are clumsy. (Dex -2) [potion of cure mutation]
  4490 | D:5      | Lost mutation: You occasionally shout uncontrollably at your foes. [potion of cure mutation]
  4490 | D:5      | Lost mutation: You are very frail (-20% HP). [potion of cure mutation]
  4507 | D:5      | Reached skill level 8 in Long Blades
  5193 | D:6      | Got a bronze leather armour
  5204 | D:6      | Identified the +2 leather armour of Foucen {Int+3} (You found it on level 6 of the Dungeon)
  5499 | D:6      | Killed from afar by an orc priest

Vault maps used:
D:1:      lightli_arrival_maybe_door_vault
D:2:      kennysheep_six_static_rooms, minmay_misc_feat_roman,
          serial_park_tiny_1, minmay_cupped
D:3:      first_bread
D:4:      nicolae_overflow_crystal_walls, uniq_crazy_yiuf_cottage
D:5:      serial_shops, shop, kennysheep_mini, shop, minmay_misc_feat_x,
          minmay_gold_behind_fungi, wad_floor_pattern_1
D:6:      dk_rats_in_the_wall

Action                   |  1- 3 |  4- 6 |  7- 9 || total
-------------------------+-------+-------+-------++-------
Melee: Long sword        |   113 |   189 |       ||   302
       Scimitar          |       |    69 |   120 ||   189
Throw: Throwing net      |       |     4 |       ||     4
  Use: Potion            |     2 |       |     1 ||     3
       Scroll            |       |    12 |     2 ||    14
  Eat: Chunk             |     1 |     9 |     9 ||    19
